[Event "*** Titled Tuesday Blitz"]
[Site "Chess.com"]
[Date "2020.05.12"]
[Round "1"]
[White "Harsha_Bharathakoti"]
[Black "etesungam"]
[Result "1-0"]
[WhiteElo "2828"]
[BlackElo "2428"]
[TimeControl "180+1"]
[EndTime "10:08:19 PDT"]
[Termination "Harsha_Bharathakoti won by resignation"]

1. Nf3 Nf6 2. c4 c6 3. Nc3 d5 4. d4 e6 5. e3 Nbd7 6. Qc2 Bd6 7. Be2 O-O 8. O-O dxc4 9. a4 e5 10. Bxc4 exd4 11. exd4 Nb6 12. Bb3 h6 13. h3 Nbd5 14. Ne5 Be6 15. Re1 Qb6 16. Nc4 Qc7 17.
Bd2 Rfe8 18. a5 Nb4 19. Qb1 Bxc4 20. Rxe8+ Rxe8 21. Bxc4 a6 22. Qd1 Nbd5 23. Qf3 Qd7 24. Re1 Rxe1+ 25. Bxe1 Bc7 26. Na4 Qe7 27. Kf1 Ne4 28.
Bd3 Ndf6 29. Qf5 Nd6 30. Qe5 Qd8 31. Qe2 Bxa5 32. Nc5 Bxe1 33. Qxe1 Qe8 34. Qe5 Qd8 35. g3 a5 36. Kg2 b6 37. Na4 Nc8 38. Nc3 Ne7 39. Bc4 Ned5 40. Bxd5 cxd5 41. g4 Qd7 42. Kg3 Qe6 43. f3 Qxe5+ 44. dxe5 Nd7 45. Nxd5 b5 46. Kf4 Nc5 47. Ke3 Kf8 48. Nc7 b4 49. Kd4 Ne6+ 50. Nxe6+ fxe6 51. Kc4 Ke7 52. Kb5 Kd7 53. Kxa5 Kc6 54.
Kxb4 Kd5 55. f4 Ke4 56. Kc5 Kxf4 57. b4 Kxe5 58. b5 Kf4 59. b6 e5 60. b7 Kg3 61.
b8=Q Kxh3 62. Qxe5 1-0

[Event "*** Titled Tuesday Blitz"]
[Site "Chess.com"]
[Date "2020.05.12"]
[Round "1"]
[White "jacky72"]
[Black "Justinz"]
[Result "1-0"]
[WhiteElo "2650"]
[BlackElo "2326"]
[TimeControl "180+1"]
[EndTime "10:08:20 PDT"]
[Termination "jacky72 won by resignation"]

1. d4 Nf6 2. c4 e6 3. Nc3 Bb4 4.
f3 c5 5. d5 d6 6. e4 O-O 7.
Bd3 b5 8. Ne2 exd5 9. cxd5 a6 10.
O-O Re8 11. Bg5 Nbd7 12. Kh1 h6 13. Bh4 Ne5 14. Bc2 Ng6 15. Bg3 Nh5 16. Qd2 Nxg3+ 17.
Nxg3 Qh4 18. f4 Bd7 19. Rae1 Rad8 20. e5 dxe5 21. Bxg6 fxg6 22. fxe5 Bg4 23. d6 c4 24.
a3 Ba5 25. Re4 Kh7 26. Qd4 h5 27. Nd5 Qg5 28. Ne7 Qxe7 29. dxe7 Rxd4 30. Rxd4 Rxe7 31. h3 Bc8 32. Re4 c3 33. b4 Bb6 34. Rc1 Bb7 35.
Re2 Bd4 36. e6 h4 37. Ne4 Kh6 38. Nc5 Bc8 39. Re4 Bf6 40. Rc2 g5 41. Kg1 Kg6 42. Kf1 Kf5 43. Rf2+ Kg6 44. Ke2 a5 45. Kd3 axb4 46.
axb4 Rc7 47. Rfe2 Be7 48. Re5 Kf6 49. Kxc3 Kg6 50. Kd2 Bb7 51. R5e3 Bd5 52. Re1 Bc4 53. Re4 Kf6 54. Rd4 Bxc5 55. bxc5 Bxe6 56. Rd6 Re7 57. c6 Kf7 58. c7 Bc8 59. Rxe7+ Kxe7 60. Rd8 1-0

[Event "*** Titled Tuesday Blitz"]
[Site "Chess.com"]
[Date "2020.05.12"]
[Round "1"]
[White "jtayar88"]
[Black "mjray79"]
[Result "1-0"]
[WhiteElo "2559"]
[BlackElo "2230"]
[TimeControl "180+1"]
[EndTime "10:08:20 PDT"]
[Termination "jtayar88 won by resignation"]

1. e4 e5 2. Nf3 Nc6 3. Nc3 Nf6 4.
d4 exd4 5. Nd5 Be7 6. Bf4 d6 7. Nxd4 O-O 8. Nb5 Nxd5 9. exd5 Bg5 10. Bxg5 Qxg5 11. dxc6 Re8+ 12. Be2 Qxb5 13. Qd3 bxc6 14. Qxb5 cxb5 15. Kd2 a6 16. a4 Bd7 17. a5 Bc6 18. Rhg1 Re5 19. Bd3 Rae8 20. f4 R5e7 21. g3 Be4 22.
Rae1 Bxd3 23. Rxe7 Rxe7 24. Kxd3 c5 25. c3 f5 26. b4 Kf7 27. g4 fxg4 28. Rxg4 h6 29.
Rg2 Kf6 30. h4 Kf5 31. h5 Kxf4 32. bxc5 dxc5 33. Rg6 Ra7 34. Rc6 c4+ 35. Kd4 Kg5 36. Rc5+ Kf6 37. Rd5 Ke6 38. Ke4 g6 39. Re5+ Kf6 40.
hxg6 Kxg6 41. Re6+ Kg5 42. Kd5 h5 43. Kc5 h4 44. Kb6 Ra8 45. Kb7 Rh8 46. Kxa6 h3 47. Re1 h2 48. Rh1 b4 49. cxb4 c3 50. b5 c2 51. b6 Kg4 52. b7 Kg3 53. Rc1 h1=Q 54. Rxh1 Rxh1 55. b8=Q+ Kg4 56. Qg8+ Kf4 57. Qc4+ Ke3 58.
Qxc2 Rh6+ 59. Kb5 Rh5+ 60. Qc5+ Rxc5+ 61. Kxc5 Kd3 62. a6 Kc2 63. a7 Kb3 64. a8=Q Kb2 65. Qf3 Kb1 66. Kc4 1-0

[Event "*** Titled Tuesday Blitz"]
[Site "Chess.com"]
[Date "2020.05.12"]
[Round "1"]
[White "LeonValdes"]
[Black "kingmonkey2006"]
[Result "1-0"]
[WhiteElo "2390"]
[BlackElo "2687"]
[TimeControl "180+1"]
[EndTime "10:08:22 PDT"]
[Termination "LeonValdes won by checkmate"]

1. d4 Nf6 2. c4 e6 3. Nf3 d5 4. g3 Bb4+ 5. Bd2 Be7 6. Bg2 O-O 7. O-O c6 8. Qc2 Ne4 9. Bc1 Nd7 10. b3 b6 11. Bb2 f5 12. cxd5 cxd5 13. Qc6 Ba6 14. Qxe6+ Kh8 15. Qxd5 Bxe2 16. Re1 Bd3 17. Nbd2 Bb4 18.
a3 Bxd2 19. Nxd2 Nxd2 20. Qxa8 Qxa8 21. Bxa8 Rxa8 22. Re7 Nf6 23. Rd1 Nf3+ 24. Kg2 Be4 25. d5 Ne1+ 26. Kf1 Nd3 27. Bxf6 gxf6 28. f3 Bxf3 29.
Rxd3 Be4 30. Rc3 Bxd5 31. Rcc7 Bg8 32. b4 a5 33. Ra7 Rc8 34. bxa5 bxa5 35. Rxa5 Bc4+ 36.
Kf2 Bd3 37. Rd5 Be4 38. Rdd7 Rc2+ 39. Ke3 Rc3+ 40. Kd2 Rc2+ 41. Kd1 Rc8 42. Rxh7+ Kg8 43. Rdg7+ Kf8 44. Rh8+ Kxg7 45. Rxc8 Kg6 46. a4 Bb7 47. Rb8 Bf3+ 48. Ke1 Kg5 49. Kf2 Be4 50. a5 Kg4 51. a6 Kh3 52. Rh8+ Kg4 53. a7 f4 54. gxf4 Kxf4 55. Rh4+ Ke5 56. Rxe4+ Kxe4 57. a8=Q+ Kf5 58.
Qg2 Kf4 59. h4 f5 60. h5 Ke5 61. h6 Ke6 62. h7 Ke5 63. h8=Q+ Kf4 64. Qg3+ Ke4 65. Qe3+ Kd5 66. Qd8+ Kc6 67. Qc3+ Kb7 68. Qdd2 Ka6 69. Qdb2 Ka7 70. Qca3# 1-0

[Event "*** Titled Tuesday Blitz"]
[Site "Chess.com"]
[Date "2020.05.12"]
[Round "1"]
[White "Norival"]
[Black "Zarikovs1999"]
[Result "0-1"]
[WhiteElo "2626"]
[BlackElo "2376"]
[TimeControl "180+1"]
[EndTime "10:08:22 PDT"]
[Termination "Zarikovs1999 won by resignation"]

1. d4 Nf6 2. Nf3 c5 3. d5 d6 4. Nc3 g6 5. e4 Bg7 6. Be2 O-O 7. O-O a6 8. a4 Nbd7 9. Re1 Rb8 10. a5 b5 11.
axb6 Nxb6 12. h3 e6 13. dxe6 fxe6 14. Bxa6 Ra8 15. Bxc8 Rxa1 16. Bxe6+ Kh8 17. Qd3 Qe7 18. Bb3 Rc8 19. Qb5 Rb8 20. Ng5 h6 21. Ne6 Nbd7 22. Nf4 Kh7 23. Qe2 Ne5 24. Nfd5 Nxd5 25. Bxd5 Nd7 26.
Bb3 Ne5 27. f4 Nc6 28. Bd5 Nd4 29. Qf2 Rf8 30. g3 Qd7 31. Kg2 Rb8 32. h4 Rf8 33.
Rh1 Qg4 34. Be3 Rxh1 35. Kxh1 Qf3+ 36. Qxf3 Nxf3 37. Kg2 Ne1+ 38. Kf2 Nxc2 39. Bd2 Bd4+ 40. Ke2 Nb4 41. b3 Bxc3 42. Bxc3 Nxd5 43. exd5 Rb8 44.
Kd3 Rxb3 45. g4 Kg8 46. Kc4 Rb7 47. Ba5 Kf7 48. Bc3 Rb1 49. g5 hxg5 50. hxg5 Rf1 51. Bd2 Rf2 52. Be3 Rf3 53. Kd3 Rf1 54. Ke4 Re1 55.
Kd3 c4+ 56. Kd2 Ra1 57. Kc3 Ra3+ 58. Kd4 Rd3+ 59. Ke4 Rd1 60. Bd4 Rd2 61. Bc3 Rd3 62.
Bd4 Ke7 63. Bf6+ Kf7 64. Bd4 Rh3 65. Bb2 c3 66. Bc1 c2 0-1

[Event "*** Titled Tuesday Blitz"]
[Site "Chess.com"]
[Date "2020.05.12"]
[Round "1"]
[White "BeanScreen"]
[Black "hoshor"]
[Result "1-0"]
[WhiteElo "2568"]
[BlackElo "2236"]
[TimeControl "180+1"]
[EndTime "10:08:22 PDT"]
[Termination "BeanScreen won by resignation"]

1. e4 g6 2. d4 d6 3. Nc3 c6 4. Nf3 Bg7 5. Bc4 b5 6. Bb3 a5 7. a4 b4 8. Ne2 e6 9. O-O Ne7 10. Bf4 Ba6 11. Re1 O-O 12. Qd2 Re8 13. Bh6 Bh8 14.
Qf4 d5 15. Ng5 Rf8 16. Bxf8 Qxf8 17. Rad1 h6 18. Nf3 Bg7 19. h4 Nd7 20. Ng3 Rc8 21. h5 g5 22. Qd6 Qd8 23. exd5 Nxd5 24. Bxd5 Bf8 25. Qxc6 Rxc6 26. Bxc6 Nf6 27. Ne5 Be7 28.
c3 bxc3 29. bxc3 Nd5 30. Ne4 Nf4 31. Rb1 Nxh5 32. Nd7 Qc7 33. Nb8 Bc4 34. Rb7 Qd8 35.
Reb1 Kg7 36. Nd7 Ba3 37. Ne5 Be7 38. Rb8 Qc7 39. R1b7 Qxb8 40. Rxb8 f5 41. Nxc4 fxe4 42. Nxa5 Bd6 43. Rb7+ Kf6 44. Bxe4 Nf4 45. Bf3 h5 46. Nc6 g4 47. Be4 Ne2+ 48. Kf1 Nxc3 49. Bd3 Nd5 50.
a5 h4 51. a6 h3 52. gxh3 gxh3 53. Be4 Nc3 54. Bf3 e5 55. dxe5+ Bxe5 56. Nxe5 Kxe5 57. a7 1-0

[Event "*** Titled Tuesday Blitz"]
[Site "Chess.com"]
[Date "2020.05.12"]
[Round "1"]
[White "Jumbo"]
[Black "Jbd735"]
[Result "1-0"]
[WhiteElo "2848"]
[BlackElo "2435"]
[TimeControl "180+1"]
[EndTime "10:08:23 PDT"]
[Termination "Jumbo won by resignation"]

1. d4 d5 2. Bf4 c5 3. e3 Nc6 4. c3 cxd4 5. exd4 Nf6 6. Bd3 Bg4 7. Qb3 Qc8 8. h3 Bh5 9. Nd2 e6 10. Ngf3 Bg6 11. Bxg6 hxg6 12. O-O Be7 13. Rfe1 O-O 14. a4 Rd8 15. Re3 Bd6 16. Bxd6 Rxd6 17. Ne5 Rd8 18.
Nd3 Qc7 19. Rae1 Rac8 20. Qd1 Ne7 21. g4 Qa5 22. f4 Re8 23. Nc5 Qc7 24. Qf3 b6 25. Nd3 Qc6 26. Qd1 Rcd8 27. h4 Nc8 28. Ne5 Qc7 29. h5 gxh5 30. g5 Ng4 31. Nxg4 hxg4 32. Qxg4 Nd6 33. Rh3 Nf5 34. Qh5 Kf8 35.
Nf3 Qxf4 36. Ne5 g6 37. Qh8+ Ke7 38. Qf6+ Kd6 39. Nxf7+ Kc7 40. Qe5+ Qxe5 41. Nxe5 Rh8 42. Rxh8 Rxh8 43. Nxg6 Rh5 44. Nf4 Rxg5+ 45. Kf2 Kd7 46. Nxe6 Rh5 47. Re5 Rh2+ 48. Kf3 Nd6 49. Nf4 Kc6 50.
Re2 Rxe2 51. Kxe2 Nc4 52. b3 Na5 53. b4 Nc4 54. Nd3 a5 55. Ne5+ Nxe5 56. dxe5 Kd7 57. Kd3 axb4 58. cxb4 Ke7 59. Kd4 Ke6 60. a5 bxa5 61.
bxa5 Kd7 62. Kxd5 Kc7 63. e6 Kb7 64. e7 Ka6 65. e8=Q 1-0

[Event "*** Titled Tuesday Blitz"]
[Site "Chess.com"]
[Date "2020.05.12"]
[Round "1"]
[White "GameOverBro"]
[Black "MYMChessAcademy"]
[Result "0-1"]
[WhiteElo "2487"]
[BlackElo "2577"]
[TimeControl "180+1"]
[EndTime "10:08:23 PDT"]
[Termination "MYMChessAcademy won by resignation"]

1. e4 c5 2. Ne2 d6 3. g3 Nc6 4. Bg2 g6 5. c3 Bg7 6. d4 cxd4 7. cxd4 Nh6 8. O-O f5 9. Nbc3 O-O 10. d5 Ne5 11. Nd4 Qb6 12. Ne6 Bxe6 13. dxe6 fxe4 14. Nd5 Qd8 15. Bxe4 Nf5 16. Bg5 h6 17. Bxf5 hxg5 18. Be4 g4 19. Rc1 Nf3+ 20. Kg2 Bxb2 21.
Rb1 Bf6 22. Bxg6 Kg7 23. Bf7 Rh8 24. h4 Qa5 25. Rb4 Ne5 26. Rxg4+ Nxg4 27. Qxg4+ Kf8 28. Rd1 Rc8 29. Qg6 Bg7 30. Nxe7 Kxe7 31. Qxg7 Qe5 32. Qxe5 dxe5 33. Rd7+ Kf6 34. Rxb7 Rc2 35. Rxa7 e4 36.
Ra3 Rd8 37. Re3 Rdd2 38. e7 Rxf2+ 39. Kh3 Rh2+ 40. Kg4 Kxf7 41. Rxe4 Ke8 42. a4 Rhg2 43. Re3 Ra2 44. Kh3 Rh2+ 45. Kg4 Rxa4+ 46. Kg5 Rg2 47. Rf3 Kxe7 48. h5 Rh2 49. h6 Ra5+ 50. Kg6 Ra6+ 51. Kg5 Raxh6 52. Re3+ Kf7 53. g4 Kg7 54. Re7+ Kf8 55.
Ra7 Rh7 56. Ra8+ Kf7 57. Ra7+ Ke6 58. Ra5 Kd6 59. Ra6+ Ke5 60. Ra5+ Ke4 61. Ra4+ Kd3 62. Ra3+ Kc4 63. Rf3 Kb5 64. Rf5+ Kc6 65. Rf6+ Kd7 66. Ra6 Re7 67. Kf6 Rh6+ 68. Kf5 Rxa6 0-1

[Event "*** Titled Tuesday Blitz"]
[Site "Chess.com"]
[Date "2020.05.12"]
[Round "1"]
[White "FranciscodelaF"]
[Black "XDPS"]
[Result "0-1"]
[WhiteElo "2350"]
[BlackElo "2677"]
[TimeControl "180+1"]
[EndTime "10:08:25 PDT"]
[Termination "XDPS won by resignation"]

1. d4 d5 2. c4 e6 3. Nf3 a6 4. cxd5 exd5 5. Nc3 Nf6 6. Bg5 Be6 7. Qc2 Nbd7 8. e3 Bd6 9. Bd3 c6 10. O-O Qb8 11. e4 dxe4 12. Nxe4 Nxe4 13. Bxe4 h6 14.
Bh4 O-O 15. Rfe1 Nb6 16. Ne5 Nd5 17. Bxd5 Bxd5 18. Bg3 Qc7 19. a3 Rfe8 20. b4 Re6 21.
Nd3 Rae8 22. Rxe6 Rxe6 23. Re1 Rxe1+ 24. Nxe1 Qe7 25. Qd2 Bxg3 26. hxg3 Qe4 27. f3 Qb1 28. Kf2 Qa1 29. Nc2 Qb2 30. Ke3 Bb3 31. Ne1 Qxa3 32. Qc3 Qa2 33. Nd3 Bd5 34. Nf4 Bc4 35. g4 g5 36. Nd3 Bxd3 37. Qxd3 Qxg2 38. Qf5 Qg1+ 39.
Kd3 Qb1+ 40. Kc4 Qxf5 41. gxf5 b6 42. d5 cxd5+ 43. Kxd5 h5 44. Kc6 h4 45. Kxb6 h3 46. Kxa6 h2 47. b5 h1=Q 48. b6 Qxf3 49. b7 Qa3+ 50. Kb6 Qb4+ 51. Kc7 Qe7+ 52. Kc8 Qc5+ 53. Kd8 Qd5+ 54. Kc8 Qxf5+ 55. Kc7 Qc5+ 56. Kb8 g4 57. Ka8 Qc6 58. Kb8 g3 59. Ka7 Qc7 60. Ka6 Qb8 0-1

[Event "*** Titled Tuesday Blitz"]
[Site "Chess.com"]
[Date "2020.05.12"]
[Round "1"]
[White "Konovalova_Vera"]
[Black "dragos420"]
[Result "0-1"]
[WhiteElo "2109"]
[BlackElo "2508"]
[TimeControl "180+1"]
[EndTime "10:08:25 PDT"]
[Termination "dragos420 won on time"]

1. d4 Nf6 2. Nf3 e6 3. e3 Be7 4. Bd3 O-O 5. b3 d5 6. Bb2 c5 7.
Nbd2 Nc6 8. a3 b6 9. O-O Bb7 10. Ne5 Re8 11. f4 Bf8 12. Qf3 a6 13. Qh3 Ne7 14. f5 Nxf5 15. Bxf5 exf5 16. Qxf5 Bc8 17. Qg5 h6 18. Qh4 Qd6 19. Rad1 Ra7 20. e4 cxd4 21.
Bxd4 Rxe5 22. Bxe5 Qxe5 23. exd5 Bg4 24. Nc4 Qc7 25. Rd2 Qc5+ 26. Kh1 b5 27. Ne5 Qe3 28. Nxg4 Nxg4 29. Rdd1 Nf6 30. Rf3 Qe2 31. Rdf1 Qxc2 32.
Qg3 Qg6 33. Qe5 Re7 34. Qd4 Qe4 35. Qd2 Qxd5 36. Qf2 Ne4 37. Qh4 Qg5 38. Qxg5 hxg5 39. h3 g6 40. Kh2 f5 41. Rd1 Bg7 42. Rd8+ Kf7 43. Rfd3 Be5+ 44. Kg1 Bg3 45. R3d7 f4 46. Rxe7+ Kxe7 47. Ra8 Nc5 48. Ra7+ Kd6 49. Rg7 Nxb3 50. Rxg6+ Kc5 51. Rxa6 Nd2 52. Rg6 Nc4 53. Rxg5+ Kb6 54. Rf5 Nxa3 55. h4 b4 56. h5 b3 57. Rf8 Kb7 58.
Rf5 b2 0-1

[Event "*** Titled Tuesday Blitz"]
[Site "Chess.com"]
[Date "2020.05.12"]
[Round "1"]
[White "Robert_Chessmood"]
[Black "Majesth"]
[Result "1-0"]
[WhiteElo "2960"]
[BlackElo "2459"]
[TimeControl "180+1"]
[EndTime "10:08:26 PDT"]
[Termination "Robert_Chessmood won by resignation"]

1. e4 e6 2. d4 d5 3. Nc3 dxe4 4. Nxe4 Nd7 5. Nf3 Ngf6 6. Bg5 Be7 7. Nxf6+ Bxf6 8.
h4 h6 9. Bxf6 Qxf6 10. Qd2 c5 11. O-O-O cxd4 12. Qxd4 Qxd4 13. Nxd4 a6 14. Rh3 O-O 15.
Rc3 Nf6 16. g3 Ne4 17. Rf3 b5 18. Bd3 Bb7 19. Bxe4 Bxe4 20. Re3 Bd5 21. b3 Rfd8 22. Red3 Be4 23. R3d2 Rd5 24. f3 Bg6 25. Ne2 Rxd2 26.
Rxd2 Rc8 27. Kb2 e5 28. f4 exf4 29. Nxf4 Be4 30. Nd5 Kf8 31. Ne3 Rc6 32. c4 bxc4 33. Nxc4 g5 34. hxg5 hxg5 35. Kc3 Kg7 36. a4 f5 37.
Rd7+ Kf6 38. Kd4 Re6 39. Rd8 Bc2 40. b4 Bxa4 41. Rf8+ Kg6 42. Ne5+ Kh5 43. Rxf5 Bc2 44. Rf8 Rd6+ 45. Kc5 Re6 46. Rh8+ Rh6 47. g4+ Kh4 48. Rxh6+ Kg3 49. Rxa6 Kf4 50. Nf7 Kxg4 51. Nxg5 Bd3 52.
b5 Kxg5 53. Ra5 Be4 54. b6 Kf4 55. Ra7 Bf3 56. Rc7 Ke5 57. Re7+ Kf6 58. Re3 Bb7 59.
Kd6 1-0

[Event "*** Titled Tuesday Blitz"]
[Site "Chess.com"]
[Date "2020.05.12"]
[Round "1"]
[White "SirMittensofMittensville"]
[Black "GiorgianBarbosa"]
[Result "0-1"]
[WhiteElo "2564"]
[BlackElo "2267"]
[TimeControl "180+1"]
[EndTime "10:08:26 PDT"]
[Termination "GiorgianBarbosa won by resignation"]

1. e4 c5 2. c3 g6 3. d4 cxd4 4.
cxd4 d5 5. e5 Bg7 6. Nc3 Nc6 7. h4 h5 8. Bb5 Nh6 9. Nf3 Bg4 10. Bxc6+ bxc6 11. Bxh6 Bxh6 12. Rc1 Bxc1 13. Qxc1 e6 14. Ng5 O-O 15. O-O f6 16. exf6 Qxf6 17.
Qe3 Qf4 18. Rc1 Qxe3 19. fxe3 Rac8 20. Na4 Rfe8 21. Nc5 e5 22. Rc3 exd4 23. exd4 Re1+ 24.
Kh2 Re2 25. Nd3 Rf8 26. Rxc6 Bf5 27. Nf4 Rxb2 28. Nxg6 Bxg6 29. Rxg6+ Kh8 30. a3 Rf4 31. Kh3 Rb3+ 32. g3 Rg4 33. Nf7+ Kh7 34. Rxg4 hxg4+ 35.
Kxg4 Rxa3 36. Kf4 a5 37. g4 a4 38. h5 Rh3 39. Ng5+ Kh8 40. Nxh3 a3 41. Ng5 a2 42. Ne6 a1=Q 43. Ke5 Qe1+ 44. Kf6 Qh4+ 45. Kf5 Qf2+ 46. Kg6 Qc2+ 47. Kf6 Qf2+ 48. Ke5 Qg3+ 49. Kf5 Qf3+ 50. Kg5 Qe4 51. Kf6 Qxg4 52. h6 Kh7 53. Ke5 Qe4+ 54. Kd6 Kxh6 55. Kd7 Kg6 56. Kd6 Kf5 57. Ng7+ Kf4 58.
Ne6+ Ke3 59. Kd7 Qxd4 0-1

[Event "*** Titled Tuesday Blitz"]
[Site "Chess.com"]
[Date "2020.05.12"]
[Round "1"]
[White "EddieMarsalla"]
[Black "nonsopolo1"]
[Result "1-0"]
[WhiteElo "2527"]
[BlackElo "2176"]
[TimeControl "180+1"]
[EndTime "10:08:26 PDT"]
[Termination "EddieMarsalla won by resignation"]

1. d4 Nf6 2. Bg5 g6 3. Nd2 Bg7 4. c3 O-O 5. e4 d6 6. Ngf3 Nbd7 7. Bd3 h6 8. Bh4 e5 9. dxe5 Nxe5 10. Nxe5 dxe5 11. Qe2 Qe8 12. O-O Nh5 13. Bg3 Bd7 14.
Rfd1 Bc6 15. Nc4 Rd8 16. Ne3 Kh8 17. Bc2 Qe7 18. Qg4 Nxg3 19. hxg3 Rxd1+ 20. Rxd1 Rd8 21. Qe2 Bf8 22. Nd5 Bxd5 23. exd5 f5 24. g4 e4 25.
gxf5 gxf5 26. Qh5 Qf6 27. g3 Bc5 28. Kg2 Rg8 29. Rh1 Rg6 30. b4 Bb6 31. c4 Bd4 32. Qe2 Kg7 33. c5 Qe5 34. Rh5 Qxd5 35. Bb3 Qe5 36. Qc4 Kh7 37. Qf7+ Rg7 38. Qxf5+ Qxf5 39. Rxf5 e3 40. Bc2 Kg8 41. fxe3 Bxe3 42. Re5 Bf4 43.
Bb3+ Kf8 44. Rf5+ Ke7 45. Rxf4 Rg5 46. Rf7+ Kd8 47. Rh7 h5 48. Kh3 a5 49. a3 axb4 50. axb4 Rg4 51. Rxh5 Rxb4 52. Rh8+ Kd7 53. Rh7+ Kd8 54.
Be6 Rb5 55. Rd7+ Ke8 56. Rxc7 Kd8 57. Rd7+ Ke8 58. Rd5 Ke7 59. Bg4 Ra5 60. Rd7+ Kf6 61. Rxb7 Rxc5 62. Kh4 Rc4 63. Rb6+ Kg7 64. Re6 Ra4 65.
Kg5 Ra5+ 66. Bf5 Rb5 67. Re7+ Kf8 68. Ra7 Rc5 69. g4 Rb5 70. Kf6 Rb6+ 71. Be6 Rc6 72. Ra8+ 1-0

[Event "*** Titled Tuesday Blitz"]
[Site "Chess.com"]
[Date "2020.05.12"]
[Round "1"]
[White "noblerone"]
[Black "crescentmoon2411"]
[Result "0-1"]
[WhiteElo "2423"]
[BlackElo "2811"]
[TimeControl "180+1"]
[EndTime "10:08:29 PDT"]
[Termination "crescentmoon2411 won by checkmate"]

1. d4 Nf6 2. Bg5 d5 3. Nd2 c5 4. e3 Nc6 5. c3 cxd4 6. exd4 Bf5 7.
Qb3 Qd7 8. Ngf3 e6 9. Bb5 Bd6 10. O-O Ne4 11. Nxe4 Bxe4 12. Nd2 Bg6 13. Bh4 O-O 14.
Rfe1 a6 15. Bxc6 bxc6 16. Qa4 Qb7 17. b3 Qb5 18. Qxb5 axb5 19. a4 bxa4 20. bxa4 Rfb8 21.
Bg3 Bxg3 22. hxg3 Ra5 23. Ra2 Bd3 24. Rc1 f6 25. c4 dxc4 26. Nxc4 Ra6 27. a5 Rb5 28. Nd6 Rd5 29. Nb7 Bb5 30. Nc5 Ra7 31.
a6 Kf7 32. Rd1 e5 33. Rad2 exd4 34. Ne4 c5 35. Nxc5 Rxc5 36. Rxd4 Bxa6 37. Rd7+ Rxd7 38. Rxd7+ Kg6 39. f3 Rc1+ 40. Kh2 Bf1 41. Rd2 Re1 42. Kg1 Bc4+ 43. Kh2 Re2 44. Rd4 Bb5 45. Rg4+ Kf7 46. Rb4 Bc6 47. Rb6 Bxf3 48. Kh3 Bxg2+ 49. Kh4 Re4+ 50.
g4 Bf3 51. Rb7+ Kg6 52. Rb3 Bxg4 53. Kg3 h5 54. Rc3 Kg5 55. Rc5+ f5 56. Rc7 h4+ 57. Kh2 g6 58. Kg1 Re2 59. Rc1 h3 60. Kh1 Bf3+ 61.
Kg1 h2+ 62. Kf1 h1=Q# 0-1

[Event "*** Titled Tuesday Blitz"]
[Site "Chess.com"]
[Date "2020.05.12"]
[Round "1"]
[White "DanilNajdin"]
[Black "Abund"]
[Result "0-1"]
[WhiteElo "2298"]
[BlackElo "2619"]
[TimeControl "180+1"]
[EndTime "10:08:29 PDT"]
[Termination "Abund won by resignation"]

1. d4 Nf6 2. c4 g6 3. g3 Bg7 4. Bg2 d5 5. Nf3 O-O 6. O-O dxc4 7.
Nbd2 c3 8. bxc3 c5 9. e3 Nc6 10.
Ba3 Nd5 11. Bxc5 Nxc3 12. Qb3 Nd5 13. Rfc1 b6 14. Bxb6 Nxb6 15. Rxc6 Bb7 16. Rcc1 Bd5 17. Qd3 Qd6 18. Ne4 Bxe4 19. Qxe4 Rac8 20. Nd2 Qa3 21. Rxc8 Rxc8 22. Nb3 e6 23. Bf1 Nd5 24. Nc5 Bf8 25. Nxe6 Re8 26. Qxd5 Rxe6 27. Bc4 Qb2 28. Rf1 Re7 29. a4 Qb4 30. a5 Rc7 31. Ba2 Qa3 32. h4 Bb4 33. h5 Qxa5 34. Qd8+ Kg7 35. h6+ Kxh6 36. Qf8+ Bxf8 37. Kg2 Kg7 38. Rb1 Qb6 39. Rxb6 axb6 40. Bb3 Ra7 41. Kf3 h6 42. Ke4 h5 43.
Kd5 Be7 44. Kc6 Ra3 45. Bd5 Rc3+ 46. Kxb6 Rc2 47. f3 Rf2 48. Kc6 h4 49. Kd7 hxg3 50. f4 g2 51. Bxg2 Rxg2 52. Kxe7 Re2 53. d5 Rxe3+ 54.
Kd7 Kf6 55. d6 Rd3 56. Kc7 Ke6 57. d7 Rxd7+ 58. Kc8 Rd4 59. f5+ Kxf5 0-1

[Event "*** Titled Tuesday Blitz"]
[Site "Chess.com"]
[Date "2020.05.12"]
[Round "1"]
[White "GMSrinath"]
[Black "Diego_FloresQ"]
[Result "1-0"]
[WhiteElo "2812"]
[BlackElo "2423"]
[TimeControl "180+1"]
[EndTime "10:08:30 PDT"]
[Termination "GMSrinath won by checkmate"]

1. d4 Nf6 2. Bg5 Ne4 3. Bf4 c5 4. e3 Qb6 5. Nc3 Nxc3 6. bxc3 cxd4 7. cxd4 Qa5+ 8. Qd2 Qxd2+ 9. Kxd2 d5 10. Nf3 Nc6 11.
Bb5 Bd7 12. Rab1 e6 13. c4 Rc8 14. c5 Be7 15. Rhc1 O-O 16. Bxc6 Bxc6 17. Ne5 g5 18. Bg3 f5 19. Nxc6 bxc6 20. Be5 Bf6 21. Rb7 Rf7 22. Rcb1 Bxe5 23. dxe5 Rcc7 24. Rb8+ Kg7 25. f4 h6 26. Kd3 Kg6 27. Re8 Rfe7 28. Rxe7 Rxe7 29. Rb8 Rc7 30. a4 Kh5 31. a5 Kg4 32. fxg5 hxg5 33. a6 f4 34. Rb7 Rc8 35. exf4 Kxf4 36. Kd4 Rh8 37. Rxa7 Rxh2 38. Rf7+ Kg3 39. a7 Rh8 40. Re7 Kxg2 41. Rg7 Kf3 42. Rxg5 Rh4+ 43. Kd3 Ra4 44. Rg7 Kf4 45.
Kc3 Kxe5 46. Kb3 Ra6 47. Kb4 Ke4 48. Kb3 Kf5 49. Rf7+ Kg6 50. Rc7 Kf6 51. Kc3 e5 52. Rxc6+ Rxc6 53. a8=Q Rxc5+ 54. Kd3 Rc4 55. Qf8+ Ke6 56.
Qe8+ Kd6 57. Ke3 Rd4 58. Qd8+ Ke6 59. Qb6+ Kf5 60. Qd6 Re4+ 61. Kf3 Rf4+ 62. Kg3 Ke4 63. Qb4+ d4 64. Qb1+ Kd5 65. Qb5+ Ke4 66. Qc6+ Ke3 67. Qd5 Rf5 68. Kg4 Rf4+ 69. Kg3 Rf5 70. Qd8 d3 71.
Qb6+ Ke2 72. Qb5 Rf3+ 73. Kg2 e4 74. Qc4 Re3 75. Qf7 d2 76. Qf1# 1-0

[Event "*** Titled Tuesday Blitz"]
[Site "Chess.com"]
[Date "2020.05.12"]
[Round "1"]
[White "CzechmVIII"]
[Black "deep306"]
[Result "1-0"]
[WhiteElo "2251"]
[BlackElo "2502"]
[TimeControl "180+1"]
[EndTime "10:08:30 PDT"]
[Termination "CzechmVIII won by resignation"]

1. e4 e6 2. d4 d5 3. Nc3 Nf6 4. Bg5 Be7 5. e5 Nfd7 6. Bxe7 Qxe7 7. f4 a6 8. Nf3 Nb6 9. Qd2 Bd7 10. Bd3 Nc6 11. O-O O-O-O 12. a3 f6 13. exf6 gxf6 14. Rae1 Qd6 15. b4 Na7 16. Qe2 Rde8 17. g3 Kb8 18.
Nd1 Bb5 19. Nb2 Bxd3 20. Nxd3 Nb5 21. Ra1 Nc4 22. a4 Nc3 23. Qe1 Ne4 24. Nc5 Qc6 25. b5 axb5 26. axb5 Qxb5 27. Rb1 Qc6 28. Rxb7+ Qxb7 29. Nxb7 Kxb7 30. Qb4+ Nb6 31. Ra1 Nd6 32. Nd2 Ra8 33.
Rxa8 Rxa8 34. Nb3 Kc6 35. Qe1 Ne4 36. Nc5 f5 37. Kg2 Ra2 38. Qe2 Nc4 39. Kh3 Kd6 40. Qh5 Rxc2 41. Qe8 Nxc5 42. dxc5+ Kxc5 43. Qxe6 c6 44.
Qe7+ Kd4 45. Qf6+ Kc5 46. Qxf5 Rd2 47. Qf8+ Kd4 48. Qf6+ Ke3 49. Qe7+ Kf2 50. Kg4 Ne3+ 51. Kh5 d4 52. g4 d3 53. Qh4+ Kf1 54. Qg3 Re2 55.
Qf3+ Ke1 56. Qg3+ Kd1 57. f5 d2 58. Qf3 Ke1 59. Qg3+ Kf1 60. Qf3+ Kg1 61. Qxe2 d1=Q 62. Qxd1+ Nxd1 63. f6 Ne3 64. f7 1-0

[Event "*** Titled Tuesday Blitz"]
[Site "Chess.com"]
[Date "2020.05.12"]
[Round "1"]
[White "SoltaniciR"]
[Black "Mimsychess"]
[Result "1/2-1/2"]
[WhiteElo "2630"]
[BlackElo "2328"]
[TimeControl "180+1"]
[EndTime "10:08:33 PDT"]
[Termination "Game drawn - insufficient material"]

1. e4 e5 2. Nf3 Nc6 3. Bb5 a6 4. Ba4 Nf6 5. O-O Be7 6. d3 b5 7. Bb3 d6 8. c3 O-O 9. Re1 h6 10. Nbd2 Re8 11. Nf1 Na5 12. Bc2 c5 13.
d4 cxd4 14. cxd4 Qc7 15. h3 exd4 16. Nxd4 Bf8 17. Ng3 Bb7 18. b3 d5 19. e5 Rxe5 20.
Bb2 Rxe1+ 21. Qxe1 Re8 22. Qd1 Ne4 23. Rc1 Qf4 24. Qf3 Qxf3 25. gxf3 Nxg3 26. fxg3 Bd6 27. Kf2 Bc5 28. Rd1 Nc6 29. Kf1 Re3 30. Kf2 Re6 31.
Kf1 Rf6 32. Kg2 Nxd4 33. Bxd4 Bxd4 34. Rxd4 Rc6 35. Bd3 Rc1 36. Kf2 Kf8 37. a4 bxa4 38. bxa4 a5 39. Bb5 Rc2+ 40. Ke3 Rc3+ 41. Rd3 Rxd3+ 42.
Bxd3 Ke7 43. Kd4 Kd6 44. Bc2 Bc6 45. f4 f6 46. Bb3 g5 47. h4 gxh4 48. gxh4 Ke6 49. Bc2 Bd7 50. Bb3 Kf5 51. Ke3 d4+ 52.
Kxd4 Kxf4 53. Kc5 Kg4 54. Kb6 Kxh4 55. Kxa5 Kg4 56. Kb6 Bxa4 57. Bxa4 f5 58. Kc5 f4 59. Kd4 Kg3 60. Be8 f3 61. Ke3 f2 62. Bb5 Kg2 63. Kf4 f1=Q+ 64. Bxf1+ Kxf1 65. Kg4 Kg2 66. Kh5 Kg3 67. Kxh6 1/2-1/2